AoeStats
← enkeladon

Oasis

510156103Analyzed
4v4 RM · 3d ago on Sep 29, 2026· 47m 5s· 8 players
Game mode
Random Map
Map size
Large (8 player)
Population
200
Speed
Normal
Resources
Standard
Victory
Conquest
Starting age
Dark Age
Ending age
Imperial Age
RankedLock teamsTeams togetherTeam positionsShared explorationLock speedFull tech treeHidden civsTurbo modeCheats
Victory
Defeat
🇸🇪 Hindustanis · Sweden
1001
+15
🇧🇷 Koreans · Brazil
943
+18
🇧🇷 Vikings · Brazil
942
+18
🇹🇷 Mongols · Türkiye
863
+21
🇹🇷 Armenians · Türkiye
1082
-22
🇹🇷 Inca · Türkiye
996
-19
🇹🇷 Mongols · Türkiye
935
-16
🇹🇷 Chinese · Türkiye
916
-15
Big Tiozao
5:17 Loom
10:29 Feudal Age
17:35 Castle Age
15:43 Horse Collar
15:52 Double-Bit Axe
16:27 Gold Mining
17:43 Stone Mining
20:31 Wheelbarrow
22:48 Heavy Plow
23:15 Bow Saw
30:11 Imperial Age
27:29 Town Watch
28:45 Fletching
28:57 Scale Mail Armor
29:07 Scale Barding Armor
29:30 Hand Cart
29:56 Ballistics
29:18 Treadmill Crane
29:33 Murder Holes
32:43 Chemistry
32:08 Elite War Wagon
33:11 Conscription
33:11 Caravan
33:53 Gold Shaft Mining
34:21 Two-Man Saw
35:45 Eupseong
36:39 Fervor
36:46 Block Printing
36:53 Sanctity
37:31 Shinkichon
37:37 Husbandry
38:24 Stone Shaft Mining
39:10 Bodkin Arrow
39:38 Chain Barding Armor
40:06 Guilds
40:29 Coinage
40:03 Bracer
40:44 Masonry
40:21 Arrowslits
40:39 Town Patrol
Sir Tom the Tall
4:21 Loom
11:12 Feudal Age
11:57 Double-Bit Axe
20:37 Horse Collar
20:43 Man-at-Arms
21:09 Arson
26:49 Castle Age
29:15 Crossbowman
30:30 Heavy Plow
35:03 Bow Saw
39:01 Chieftains
41:57 Imperial Age
39:59 Murder Holes
40:16 Fortified Wall
40:27 Ballistics
40:07 Stone Mining
40:09 Gold Mining
43:46 Treadmill Crane
44:16 Masonry
44:22 Fervor
Lynx77
9:40 Feudal Age
10:51 Loom
10:57 Double-Bit Axe
11:51 Horse Collar
12:28 Bloodlines
12:11 Horse Collar
23:29 Castle Age
21:53 Scale Barding Armor
22:35 Fletching
22:43 Gold Mining
24:19 Bodkin Arrow
24:26 Padded Archer Armor
24:29 Husbandry
27:25 Leather Archer Armor
29:10 Ballistics
30:51 Bow Saw
35:58 Imperial Age
34:34 Wheelbarrow
33:46 Town Watch
33:38 Elite Skirmisher
35:34 Thumb Ring
38:40 Stone Mining
41:12 Bracer
42:10 Heavy Plow
43:37 Heavy Cavalry Archer
45:18 Caravan
46:57 Chemistry
46:02 Siege Engineers
47:12 Ring Archer Armor
enkeladon
11:54 Feudal Age
17:13 Bloodlines
23:31 Castle Age
26:22 Double-Bit Axe
26:23 Horse Collar
28:25 Gold Mining
28:54 Husbandry
30:48 Bow Saw
35:28 Gold Shaft Mining
34:43 Stone Mining
35:13 Scale Barding Armor
35:19 Forging
35:51 Coinage
36:02 Caravan
41:25 Imperial Age
42:33 Chain Barding Armor
42:48 Iron Casting
42:37 Drill
42:48 Conscription
43:23 Banking
43:04 Elite Steppe Lancer
44:18 Heavy Plow
45:09 Stone Shaft Mining
47:30 Blast Furnace
46:27 Fletching
RainyNight
11:39 Feudal Age
9:56 Loom
12:21 Double-Bit Axe
12:57 Champi Runner
15:07 Wheelbarrow
16:12 Arson
19:23 Horse Collar
24:24 Gold Mining
28:22 Castle Age
27:27 Stone Mining
27:52 Forging
28:25 Champi Warrior
29:05 Squires
30:07 Hand Cart
34:42 Iron Casting
37:04 Scale Mail Armor
39:17 Bow Saw
Fairbill
9:19 Loom
11:51 Feudal Age
12:05 Man-at-Arms
13:02 Long Swordsman
14:16 Pikeman
22:21 Arson
23:14 Scale Mail Armor
24:29 Fletching
30:23 Castle Age
29:01 Wheelbarrow
28:36 Padded Archer Armor
28:46 Forging
28:35 Double-Bit Axe
28:34 Horse Collar
30:28 Two-Handed Swordsman
30:54 Gambesons
31:09 Squires
32:32 Heavy Plow
32:45 Bow Saw
33:38 Iron Casting
33:18 Chain Mail Armor
33:48 Elite Skirmisher
36:31 Bodkin Arrow
39:53 Stone Mining
45:22 Imperial Age
43:11 Hand Cart
44:27 Gold Mining
45:13 Murder Holes
45:57 Halberdier
Silver Light
10:46 Feudal Age
9:01 Loom
18:40 Castle Age
18:21 Gold Mining
18:25 Stone Mining
20:50 Pikeman
22:51 Fletching
24:20 Bodkin Arrow
24:27 Padded Archer Armor
25:50 Wheelbarrow
26:56 Ballistics
27:39 Thumb Ring
29:17 Murder Holes
29:40 Leather Archer Armor
31:04 Double-Bit Axe
35:16 Hand Cart
35:38 Guard Tower
35:58 Gold Mining
36:45 Stone Shaft Mining
38:25 Gold Shaft Mining
41:14 Imperial Age
43:03 Chemistry
42:06 Bracer
42:36 Ring Archer Armor
44:35 Elite Chu Ko Nu
HMK
11:05 Feudal Age
14:42 Double-Bit Axe
15:28 Horse Collar
15:58 Scale Barding Armor
20:29 Castle Age
19:29 Gold Mining
20:11 Scale Barding Armor
20:21 Forging
22:13 Squires
25:39 Husbandry
27:11 Heavy Plow
29:11 Iron Casting
31:42 Bloodlines
34:01 Chain Barding Armor
37:40 Wheelbarrow
36:50 Town Watch
41:01 Imperial Age
38:23 Town Watch
39:30 Hand Cart
39:33 Town Patrol
42:49 Blast Furnace
41:15 Elite Steppe Lancer
Connection lost

Rejoining the realm…

Still unreachable

The connection could not be restored.

Session expired

The server has moved on; the page needs a fresh start.